 Dungeon Crawl Stone Soup version 0.17.0-28-g6e173f8 (webtiles) character file.

10983 Yakui the Covert (level 11, -1/79 HPs)
             Began as an Octopode Assassin on Dec 1, 2015.
             Was an Elder of Dithmenos.
             Slain by a six-headed hydra (16 damage)
             ... on level 1 of the Lair of Beasts.
             The game lasted 01:05:22 (13050 turns).

Yakui the Covert (Octopode Assassin)               Turns: 13050, Time: 01:05:24

Health: -1/79      AC:  2    Str: 10    XL:     11   Next: 70%
Magic:  29/29      EV: 21    Int: 13    God:    Dithmenos [****..]
Gold:   572        SH:  4    Dex: 18    Spells: 0 memorised, 10 levels left

rFire  . . .     SeeInvis .     X - +10 long sword of Reyfe {distort, rElec rN+ MP+9}
rCold  + + .     Clarity  .     V - -2 buckler of the Elephant {rC+ rCorr Stlth+}
rNeg   + . .     SustAt   .     (helmet restricted)
rPois  .         Gourm    .     (no amulet)
rElec  +         Spirit   .     m - +5 ring of evasion
rCorr  +         Warding  .     v - +4 ring of slaying
rMut   .         Stasis   .     C - ring of protection from cold
MR     .....                    M - ring of magical power
Stlth  ++++++++++               (no ring)
                                (no ring)
                                (no ring)
                                (no ring)

@: about to teleport, wreathed by umbra, not resistant to hostile enchantments,
uncannily stealthy
A: almost no armour, amphibious, 8 rings, constrict 8, rugged brown scales 1,
camouflage 1, gelatinous body 1
a: Shadow Step, Renounce Religion


You were on level 1 of the Lair of Beasts.
You worshipped Dithmenos.
Dithmenos was greatly pleased with you.
You were not hungry.

You visited 2 branches of the dungeon, and saw 12 of its levels.
You also visited: Ossuary.

You collected 572 gold pieces.

Inventory:

Hand Weapons
 b - a +0 blowgun
 s - a +2 dagger of protection
 K - a +2 short sword of speed
 X - the +10 long sword of Reyfe (weapon) {distort, rElec rN+ MP+9}
   (You found it on level 1 of the Lair of Beasts)

   It warps and distorts space around it.
   Unwielding it can cause banishment or high damage.
   It insulates you from electricity.
   It protects you from negative energy.
   It affects your magic capacity (+9).
Missiles
 c - 25 poisoned needles
 d - 6 curare-tipped needles
 i - 5 javelins (quivered)
 y - 5 needles of paralysis
 H - 5 tomahawks
Armour
 O - a +0 large shield
 V - the -2 buckler of the Elephant (worn) {rC+ rCorr Stlth+}
   (You found it on level 1 of the Lair of Beasts)

   It protects you from cold.
   It protects you from acid and corrosion.
   It makes you more stealthy.
Jewellery
 m - a +5 ring of evasion (left tentacle)
 v - a +4 ring of slaying (right tentacle)
 C - a ring of protection from cold (on tentacle)
 M - a ring of magical power (on tentacle)
Wands
 F - a wand of cold (10)
 G - a wand of cold (6)
 P - a wand of draining (8)
 R - a wand of invisibility (4)
 Z - a wand of cold (12)
Scrolls
 a - a scroll of recharging
 k - 6 scrolls of remove curse
 q - 4 scrolls of magic mapping
 t - 5 scrolls of teleportation
 u - 2 scrolls of blinking
 I - a scroll of enchant weapon
 J - a scroll of fear {unknown}
 N - a scroll of acquirement {unknown}
 S - a scroll of torment {unknown}
 W - a scroll of enchant armour {unknown}
Potions
 g - 3 potions of ambrosia
 h - 12 potions of curing {unknown}
 j - 5 potions of might
 l - a potion of resistance
 n - 3 potions of magic
 r - 4 potions of heal wounds {unknown}
 w - a potion of brilliance
 z - 2 potions of cancellation {unknown}
 A - a potion of haste
 E - a potion of agility
 Q - a potion of cure mutation {unknown}
 T - a potion of flight {unknown}
Books
 o - a book of Ice

   Spells                             Type                      Level
   a - Ice Form                       Ice/Transmutation            4
   b - Metabolic Englaciation         Hexes/Ice                    5
   c - Ozocubu's Refrigeration        Ice                          6
   d - Bolt of Cold                   Conjuration/Ice              6
   e - Freezing Cloud                 Conjuration/Ice/Air          6
   f - Simulacrum                     Ice/Necromancy               6
 x - a book of the Warp

   Spells                             Type                      Level
   a - Recall                         Summoning/Translocation      3
   b - Gell's Gravitas                Hexes/Translocation          3
   c - Force Lance                    Conjuration/Translocation    4
   d - Phase Shift                    Translocation                5
   e - Warp Weapon                    Charms/Translocation         5
   f - Summon Forest                  Summoning/Translocation      5
 U - a book of Air

   Spells                             Type                      Level
   a - Shock                          Conjuration/Air              1
   b - Swiftness                      Charms/Air                   2
   c - Repel Missiles                 Charms/Air                   2
   d - Static Discharge               Conjuration/Air              3
   e - Lightning Bolt                 Conjuration/Air              5
 Y - the Collected Works on Shape Shifting and Clay
   (You found it on level 1 of the Lair of Beasts)

   Spells                             Type                      Level
   a - Beastly Appendage              Transmutation                1
   b - Passwall                       Transmutation/Earth          3
   c - Leda's Liquefaction            Hexes/Earth                  4
   d - Alistair's Intoxication        Transmutation/Poison         4
   e - Iron Shot                      Conjuration/Earth            6
Comestibles
 e - 10 bread rations
 f - 5 meat rations
 p - 10 fruits
 B - a beef jerky
 L - 8 slices of pizza


   Skills:
 - Level 8.0 Fighting
 - Level 10.0(10.1) Short Blades
 + Level 2.6(6.9) Long Blades
 - Level 2.0 Throwing
 - Level 6.0 Dodging
 + Level 12.6 Stealth
 - Level 8.0 Shields


You had 10 spell levels left.
You didn't know any spells.

Dungeon Overview and Level Annotations

Branches:
Dungeon (11/15)            Temple (0/1) D:6            Lair (1/8) D:11
    Orc: D:9-12

Altars:
Cheibriados
Dithmenos
Gozag
Okawaru
Ru
Xom
Yredelemnul
Zin

Annotations:
D:4 dorian's ghost, amateur OpCj
D:5 exclusion: downstairs
D:6 exclusion: downstairs
D:9 exclusion: downstairs
D:10 AAAAA's ghost, novice DsGl
D:11 Maurice; Snorg
Lair:1 Ijustatesigmund's ghost, journeyman DsGl


Innate Abilities, Weirdness & Mutations

You cannot wear most types of armour.
You are amphibious.
You can wear up to eight rings at the same time.
You can use your tentacles to constrict eight enemies at once.
Your skin changes colour to match your surroundings (Stealth).
Your rubbery body absorbs attacks (AC +1).
You are partially covered in rugged brown scales (AC +1, +3% HP).


Message History

The six-headed hydra completely misses you.
The six-headed hydra bites you.
You see here a river rat corpse.
You see here a river rat corpse.
The six-headed hydra misses you. The six-headed hydra bites you.
The six-headed hydra completely misses you.
The six-headed hydra bites you!
* * * LOW HITPOINT WARNING * * *
The six-headed hydra bites you.
* * * LOW HITPOINT WARNING * * *
The six-headed hydra completely misses you.
Read which item? (? for menu, Esc to quit)
As you read the scroll of teleportation, it crumbles to dust.
You feel strangely unstable.
The six-headed hydra closely misses you.
The six-headed hydra misses you. The six-headed hydra bites you.
* * * LOW HITPOINT WARNING * * *
You block the six-headed hydra's attack.
The six-headed hydra bites you!
You die...

##.# #..# # #.# #.# # #.# #.#
# ##.## #.# # #..P# #.# #
##.## #.## # ######.# ###
#..#### #
###..##..####.###.###.######
#..........@................
######.###D#####..##.##.####
### #r# #.######.# #†# #r#
#.# ## ####.## #.#### #.# ##
#.#####.....####....###.###P
##...........................
#P........######..######..##.
#........# #..# #..##.


You could see a six-headed hydra and a river rat.

Vanquished Creatures
  Erica (D:8)
  Pikel (D:8)
  Joseph (D:7)
  A black mamba (Lair:1)
  A spiny frog (Lair:1)
  3 blink frogs (Lair:1)
  2 wraiths
  A shadow (D:10)
  A wyvern (D:9)
  12 yaks
  Eustachio (D:4)
  A human (D:8)
  A deep elf mage (D:4)
  4 hippogriffs
  Menkaure (D:7)
  4 wolves (Lair:1)
  2 water moccasins (Lair:1)
  A sky beast (D:6)
  A black bear (D:8)
  2 ice beasts (D:9)
  3 orc warriors
  4 slaves (D:8)
  An eye of draining (D:9)
  4 crocodiles
  A necrophage (D:7)
  2 ogres
  2 centaurs
  3 giant frogs
  A gnoll sergeant (D:8)
  A water moccasin skeleton (D:10)
  3 killer bees (D:8)
  4 wights (D:10)
  A scorpion (D:7)
  An electric eel (D:11)
  3 centaur zombies
  3 hounds
  3 crimson imps
  4 orc priests
  A giant frog zombie (D:5)
  Ijyb (D:3)
  3 giant frog skeletons
  2 jellies
  4 iguanas
  Terence (D:1)
  Natasha (thrice) (D:3)
  10 orc wizards
  6 worker ants
  2 hound zombies (D:9)
  A mummy (Ossuary)
  Robin (D:4)
  11 adders
  4 gnolls (D:8)
  15 river rats (Lair:1)
  A shadow imp (D:8)
  2 oozes
  2 adder skeletons (D:8)
  An adder zombie (D:7)
  2 worms (D:2)
  2 giant geckos
  24 orcs
  2 ball pythons
  7 giant cockroaches
  2 gnoll zombies (D:3)
  12 hobgoblins
  6 kobolds
  5 quokkas
  8 bats
  3 giant newts
  6 gnoll skeletons (Ossuary)
  14 goblins
  17 jackals
  10 kobold skeletons (Ossuary)
  A kobold zombie (D:4)
  9 orc skeletons (Ossuary)
  An orc zombie (D:4)
  A quokka skeleton (D:8)
  5 rats
  A rat zombie (D:4)
  A butterfly (D:9)
  A fungus (Lair:1)
297 creatures vanquished.

Vanquished Creatures (others)
  A komodo dragon (Lair:1)
  A bush (D:11)
  4 fungi
  5 plants
  4 toadstools (D:1)
15 creatures vanquished.

Grand Total: 312 creatures vanquished

Notes
Turn   | Place    | Note
--------------------------------------------------------------
     0 | D:1      | Yakui the Octopode Assassin began the quest for the Orb.
     0 | D:1      | Reached XP level 1. HP: 14/14 MP: 1/1
   176 | D:1      | Reached XP level 2. HP: 19/19 MP: 2/2
   552 | D:2      | Noticed Terence
   924 | D:2      | Reached XP level 3. HP: 24/24 MP: 3/3
  1127 | D:2      | Reached skill level 6 in Stealth
  1281 | D:2      | Reached XP level 4. HP: 16/29 MP: 4/4
  1737 | D:1      | Killed Terence
  1830 | D:3      | Found an opulent altar of Gozag.
  1831 | D:3      | Found a glowing silver altar of Zin.
  1919 | D:3      | Reached XP level 5. HP: 34/34 MP: 5/5
  1950 | D:3      | Reached skill level 7 in Stealth
  2110 | D:3      | Noticed Ijyb
  2133 | D:3      | Killed Ijyb
  2328 | D:3      | Reached XP level 6. HP: 39/39 MP: 6/6
  2397 | D:3      | Reached skill level 5 in Short Blades
  2445 | D:3      | Found an iron altar of Okawaru.
  2468 | D:3      | Noticed Natasha
  2471 | D:3      | Killed Natasha
  2602 | D:3      | Noticed Natasha
  2612 | D:3      | Killed Natasha
  2690 | D:3      | Found a basalt altar of Yredelemnul.
  2718 | D:3      | Noticed Natasha
  2724 | D:3      | Killed Natasha
  2939 | D:4      | Noticed a deep elf mage
  2999 | D:4      | Found a shadowy altar of Dithmenos.
  3005 | D:4      | Became a worshipper of Dithmenos the Shadowed
  3069 | D:4      | Noticed Robin
  3076 | D:4      | Found a sand-covered staircase.
  3085 | Ossuary  | Entered an ossuary
  3085 | Ossuary  | Noticed a wraith
  3085 | Ossuary  | Noticed a wraith
  3085 | Ossuary  | Noticed a wraith
  3317 | Ossuary  | Reached * piety under Dithmenos
  3321 | Ossuary  | Reached skill level 8 in Stealth
  3338 | Ossuary  | Noticed a wraith
  3412 | Ossuary  | Killed a wraith
  3412 | Ossuary  | Reached XP level 7. HP: 33/45 MP: 7/7
  3534 | D:4      | Killed Robin
  3704 | D:4      | Killed a deep elf mage
  3878 | D:4      | Noticed dorian's ghost (amateur OpCj)
  3929 | D:4      | You fall through a shaft for 3 floors!
  3937 | D:7      | Reached skill level 9 in Stealth
  4042 | D:7      | Reached ** piety under Dithmenos
  4239 | D:6      | Found a staircase to the Ecumenical Temple.
  4363 | D:6      | Reached XP level 8. HP: 50/50 MP: 8/8
  4477 | D:5      | Entered Level 5 of the Dungeon
  4635 | D:4      | Noticed Eustachio
  5163 | D:4      | Killed Eustachio
  5297 | D:5      | Found a sacrificial altar of Ru.
  6022 | D:6      | Reached skill level 10 in Stealth
  6454 | D:7      | Gained mutation: You are partially covered in rugged brown scales (AC +1, +3% HP). [potion of beneficial mutation]
  6570 | D:7      | Noticed Menkaure
  6722 | D:7      | Noticed Joseph
  6802 | D:7      | Reached XP level 9. HP: 55/55 MP: 9/9
  7021 | D:7      | Killed Joseph
  7021 | D:7      | Reached skill level 11 in Stealth
  7106 | D:7      | Reached *** piety under Dithmenos
  7106 | D:7      | Reached skill level 10 in Short Blades
  7331 | D:7      | Killed Menkaure
  7901 | D:8      | Noticed Pikel
  8208 | D:8      | Noticed Erica
  8918 | D:8      | Reached skill level 5 in Fighting
  8918 | D:8      | Reached XP level 10. HP: 65/67 MP: 10/10
  8959 | D:8      | Killed Pikel
  8959 | D:8      | Reached skill level 5 in Dodging
  9224 | D:8      | Killed Erica
  9878 | D:9      | Reached skill level 5 in Shields
 10071 | D:9      | Found a shimmering altar of Xom.
 10319 | D:10     | Entered Level 10 of the Dungeon
 10351 | D:10     | Noticed AAAAA's ghost (novice DsGl)
 10452 | D:10     | Reached **** piety under Dithmenos
 10729 | D:10     | Found a snail-covered altar of Cheibriados.
 10789 | D:10     | Reached XP level 11. HP: 72/77 MP: 11/11
 10986 | D:11     | Found a staircase to the Lair.
 10986 | D:11     | Noticed Snorg
 11168 | D:11     | Noticed Maurice
 11384 | Lair:1   | Entered Level 1 of the Lair of Beasts
 11398 | Lair:1   | Noticed Ijustatesigmund's ghost (journeyman DsGl)
 11580 | Lair:1   | Found a shimmering altar of Xom.
 12024 | Lair:1   | Reached skill level 12 in Stealth
 12187 | Lair:1   | Got a smoking buckler
 12195 | Lair:1   | Got a translucent long sword
 12214 | Lair:1   | Identified the cursed -2 buckler of the Elephant {rC+ rCorr Stlth+} (You found it on level 1 of the Lair of Beasts)
 12222 | Lair:1   | Identified the +10 long sword of Reyfe {distort, rElec rN+ MP+9} (You found it on level 1 of the Lair of Beasts)
 12236 | Lair:1   | Identified the Collected Works on Shape Shifting and Clay (You found it on level 1 of the Lair of Beasts)
 12258 | Lair:1   | Reached skill level 1 in Long Blades
 12943 | Lair:1   | Noticed a six-headed hydra
 13050 | Lair:1   | Slain by a six-headed hydra

Action                   |  1- 3 |  4- 6 |  7- 9 | 10-12 || total
-------------------------+-------+-------+-------+-------++-------
Melee: Dagger            |    59 |   189 |   315 |   286 ||   849
       Long sword        |       |       |       |    44 ||    44
Throw: Javelin           |     4 |       |     2 |       ||     6
  Use: Scroll            |     2 |     4 |    12 |     7 ||    25
       Potion            |       |       |     1 |     1 ||     2
 Stab: Sleeping          |    12 |    25 |    27 |    21 ||    85
       Distracted        |       |       |     2 |     5 ||     7
  Eat: Chunk             |     1 |     5 |    16 |    10 ||    32
       Beef jerky        |       |     1 |       |     2 ||     3
       Fruit             |       |       |     1 |     1 ||     2
